 Dungeon Crawl Stone Soup version 0.26-a0-466-g989023bd0d (webtiles) character file.

Game seed: 2848427182953010848

105 Inarius the Cutter (level 5, -1/29 HPs)
             Began as a Kobold Wanderer on Aug 14, 2020.
             Slain by an orc
             ... wielding a +0 trident
              (7 damage)
             ... on level 3 of the Dungeon.
             The game lasted 00:02:50 (3155 turns).

Inarius the Cutter (Kobold Wanderer)                Turns: 3155, Time: 00:02:51

Health: -1/29      AC:  5    Str:  9    XL:     5   Next: 8%
Magic:  6/6        EV: 15    Int: 14    God:
Gold:   166        SH:  0    Dex: 15    Spells: 6/6 levels left

rFire    . . .     SeeInvis .   a - +0 dagger
rCold    . . .     Faith    .   (shield restricted)
rNeg     . . .     Spirit   .   r - +0 leather armour
rPois    .         Reflect  .   (no helmet)
rElec    .         Harm     .   e - +0 cloak
rCorr    .                      (no gloves)
MR       +....                  i - +0 pair of boots
Stlth    +++.......             (no amulet)
HPRegen  0.09/turn              p - ring of protection from magic
MPRegen  0.10/turn              (no ring)

@: no status effects
A: small, nightstalker 3
a: no special abilities


You were on level 3 of the Dungeon.
You visited 1 branch of the dungeon, and saw 3 of its levels.

You collected 166 gold pieces.

Inventory:

Hand Weapons
 a - a +0 dagger (weapon)
Missiles
 b - 27 stones (quivered)
Armour
 d - a +0 robe
 e - a +0 cloak (worn)
 i - a +0 pair of boots (worn)
 r - a +0 leather armour (worn)
Jewellery
 p - a ring of protection from magic (left hand)
 u - a cursed -4 ring of strength {unknown}
Scrolls
 f - 9 scrolls of identify {unknown}
 k - 2 scrolls of remove curse {unknown}
 l - 2 scrolls of fog {unknown}
 n - 2 scrolls of fear {unknown}
 q - a scroll of magic mapping {unknown}
 s - 2 scrolls of teleportation {unknown}
Potions
 g - a potion of heal wounds
 h - a potion of invisibility {unknown}
 j - a potion of ambrosia {unknown}
 m - a potion of curing {unknown}
 o - a potion of stabbing {unknown}
 t - a potion of degeneration {unknown}
 v - a potion of resistance {unknown}


   Skills:
 + Level 1.0 Fighting
 * Level 3.3(3.8) Short Blades
   Level 1.5(2.1) Long Blades
 - Level 1.1 Throwing
 + Level 3.2 Dodging
 + Level 2.5 Stealth
   Level 1.0 Shields
 - Level 1.1 Spellcasting
   Level 3.0 Fire Magic
   Level 1.0 Earth Magic


You had 6 spell levels left.
You didn't know any spells.
Your spell library contained the following spells:

 Spells                   Type           Power        Failure   Level
 Foxfire                  Conj/Fire      #...         21%         1
 Sandblast                Erth           #.....       24%         1
 Passwall                 Tmut/Erth      #.......     41%         2
 Ignite Poison            Fire/Tmut/Pois #.......     58%         3
 Stone Arrow              Conj/Erth      #.....       65%         3
 Petrify                  Tmut/Erth      #.......     96%         4
 Lee's Rapid Deconstruct  Erth           #.........   100%        5


Dungeon Overview and Level Annotations

Branches:
Dungeon (3/15)

Altars:


Innate Abilities, Weirdness & Mutations

You are small and have problems with some larger weapons.
You are completely attuned to the shadows.


Message History

The orc hits you but does no damage.
You hit the orc but do no damage.
The orc is lightly wounded.
The orc misses you.
You barely miss the orc.
The orc is lightly wounded.
The orc hits you with a +0 trident!
You hit the orc.
The orc is moderately wounded.
You hit the orc but do no damage.
The orc is moderately wounded.
The orc hits you with a +0 trident.
You hit the orc but do no damage.
The orc is moderately wounded.
The orc hits you with a +0 trident.
* * * LOW HITPOINT WARNING * * *
You barely miss the orc.
The orc is moderately wounded.
The orc hits you with a +0 trident!
You die...

.##..# .#....####
#.##.....#
##.###.##.#
##.###.##.# .#
.......##.##. .# #
...######.##.### .#.#
>..# #...#...##....
...# #.#.##..†@o...
.#.#####...##..####..
...........##..#
.#.######...#..###
.#.# #....<...[..
...####.#...#.....
.#................
........##.##.....
.#.###.. #.##.....


You could see an orc.

Vanquished Creatures
  An orc priest (D:3)
  2 adders (D:2)
  An ooze (D:1)
  2 worms (D:2)
  A leopard gecko (D:3)
  An orc (D:3)
  A ball python (D:1)
  5 giant cockroaches
  6 goblins
  5 hobgoblins
  4 jackals (D:1)
  5 kobolds
  4 bats
  A frilled lizard (D:3)
  4 rats
43 creatures vanquished.

Notes
Turn   | Place    | Note
-------+----------+-------------------------------------------
     0 | D:1      | Inarius the Kobold Wanderer began the quest for the Orb.
     0 | D:1      | Inarius set off with the following items: a +0 dagger, a
                  | potion of lignification, a +0 robe; and the following
                  | spells available to memorise: Foxfire, Sandblast, Passwall,
                  | Ignite Poison, Stone Arrow, Petrify, Lee's Rapid
                  | Deconstruction
     0 | D:1      | Reached XP level 1. HP: 10/10 MP: 2/2
   405 | D:1      | Reached XP level 2. HP: 15/15 MP: 3/3
   448 | D:1      | Reached skill level 1 in Short Blades
   741 | D:1      | Reached skill level 1 in Stealth
   743 | D:1      | Reached XP level 3. HP: 19/19 MP: 4/4
  1728 | D:2      | Found a faded altar of an unknown god.
  2087 | D:2      | Reached XP level 4. HP: 18/24 MP: 5/5
  3129 | D:3      | Reached skill level 1 in Fighting
  3129 | D:3      | Reached XP level 5. HP: 29/29 MP: 6/6
  3155 | D:3      | Slain by an orc

Illustrated notes

Levels and vault maps discovered:
D:1:      minmay_arrival_wavy_path, layout_loops_corners
D:2:      layout_loops_ring, chequers_ecumenical_altar_simple, minivault_14
D:3:      layout_loops_ring, chequers_temple_overflow_statue_of_worship

Skill      XL: |  1  2  3  4 |
---------------+-------------+-----
Dodging        | 2 3 |  3.2
Short Blades   | 1 2 3 |  3.3
Stealth        | 1 2 |  2.5
Fighting       | 1 |  1.0
Long Blades    | |  1.5
Throwing       | |  1.1
Shields        | |  1.0
Spellcasting   | |  1.1
Fire Magic     | |  3.0
Earth Magic    | |  1.0

Action                   |  1- 3 |  4- 6 || total
-------------------------+-------+-------++-------
Melee: Dagger            |   199 |   101 ||   300
  Use: Potion            |       |     2 ||     2
 Stab: Sleeping          |    11 |     6 ||    17
Armor: Robe              |    33 |     8 ||    41
       Skin              |       |    27 ||    27
       Leather armour    |       |     5 ||     5
Dodge: Dodged            |   132 |    64 ||   196

Table legend: (Time is in decaauts)
 A = Elapsed time spent in this place.
 B = Non-inter-level travel time spent in this place.
 C = Inter-level travel time spent in this place.
 D = Time resting spent in this place.
 E = Time spent auto-exploring this place.
 F = Levels seen in this place.
 G = Mean time per level.
                   A        B        C        D        E       F      G
               +--------+--------+--------+--------+--------+-----+--------+
         Total |   3110 |   3002 |    108 |    959 |   1579 |   3 | 1036.7 |
       Dungeon |   3110 |   3002 |    108 |    959 |   1579 |   3 | 1036.7 |
               +--------+--------+--------+--------+--------+-----+--------+

Top non-repeatable levels by time:
     D:1: 1521 daAuts
     D:2: 1451 daAuts
     D:3: 137 daAuts
